Map: Waterfall

Players

Scarlett - Winner!

  • Race: Zerg Zerg
  • Spawn Location: 1:00

DRG

  • Race: Zerg Zerg
  • Spawn Location: 7:00

Event: DreamHack SC2 Masters 2022 Atlanta (Offline)

VOD

Have the link to the VOD?

Description

Time

  • Played on: Nov. 18, 2022, 5:14 p.m.
  • Length: 4:54

All games in this series

Show
View Real Time Build Order
Export as new Build Order

Scarlett Zerg - Winner!

Build Orders: Hatch First, Zergling Baneling 

Get SALT Encoding   

  12  0:00  Drone  
  13  0:11  Overlord  
  13  0:16  Drone  
  14  0:30  Drone x2  
  16  0:46  Hatchery  
  15  0:51  Drone  
  15  0:55  Drone  
  17  0:58  Drone  
  18  1:11  Extractor  
  17  1:13  Spawning Pool  
  17  1:16  Drone  
  17  1:19  Drone  
  18  1:27  Drone  
  19  1:42  Drone  
  20  1:59  Queen x2  
  20  2:00  Zergling x6  
  27  2:10  Zergling x2  
  27  2:11  Overlord  
  27  2:16  Metabolic Boost  
  26  2:24  Drone  
  27  2:32  Drone x2  
  27  2:34  Drone  
  30  2:46  Zergling x2  
  30  2:50  Baneling Nest  
  30  2:54  Zergling x6  
  33  3:02  Overlord  
  33  3:08  Zergling x6  
  36  3:22  Zergling x6  
  36  3:23  Zergling x4  
  41  3:31  Zergling x4  
  41  3:34  Baneling x4  
  43  3:36  Baneling  
  43  3:42  Zergling x2  
  44  3:49  Baneling  
  44  3:54  Overlord  
  40  4:05  Zergling x8  
  42  4:11  Baneling x2  
  42  4:13  Zergling x10  
  47  4:22  Zergling x6  
Show
View Real Time Build Order
Export as new Build Order

DRG Zerg 

Build Orders: Pool First 

Get SALT Encoding   

  12  0:00  Drone  
  13  0:07  Drone  
  14  0:16  Overlord  
  14  0:32  Spawning Pool  
  13  0:35  Drone  
  13  0:40  Drone  
  15  0:44  Drone  
  15  0:47  Drone  
  17  1:09  Hatchery  
  16  1:19  Zergling x6  
  19  1:27  Queen  
  21  1:34  Overlord  
  21  1:41  Drone  
  22  1:52  Drone  
  23  2:02  Queen, Drone  
  26  2:19  Drone  
  26  2:21  Queen  
  26  2:22  Drone  
  29  2:24  Drone  
  28  2:33  Drone  
  28  2:34  Drone x3  
  28  2:37  Overlord  
  32  2:39  Queen  
  34  2:45  Overlord  
  34  2:46  Drone  
  35  2:57  Drone  
  36  3:03  Drone x2  
  38  3:06  Drone x3, Extractor x2  
  38  3:08  Drone  
  38  3:10  Drone  
  38  3:11  Drone x2  
  43  3:18  Drone, Evolution Chamber  
  43  3:23  Roach Warren  
  43  3:25  Drone  
  43  3:28  Drone  
  43  3:31  Drone  
  45  3:38  Drone  
  45  3:40  Drone x3  
  49  3:44  Overlord  
  49  3:49  Evolution Chamber  
  48  3:57  Evolution Chamber  
  48  3:59  Evolution Chamber  
  48  4:00  Evolution Chamber  
  45  4:04  Roach  
  45  4:05  Roach  
  45  4:06  Roach  
  45  4:09  Roach x2  
  49  4:10  Roach  
  49  4:15  Roach  
  46  4:19  Roach  
  44  4:24  Roach  
Tags
 
Add a new tag
Caveats
  • Supply blocks, unpowered buildings, or Contaminate may cause inaccurate times.
  • Supply counts are checked every 10 seconds.